PvP 2gate into exp opener
| 14 | 0:17 | | |
| 15 | 0:38 | | |
| 15 | 0:39 | | Chrono nexus |
| 16 | 0:45 | | Chrono nexus |
| 17 | 0:51 | | |
| 17 | 0:54 | | |
| 18 | 1:00 | | |
| 19 | 1:08 | | Chrono nexus |
| 19 | 1:11 | | Chrono nexus |
| 19 | 1:18 | | |
| 21 | 1:25 | | |
| 21 | 1:30 | | Scout with probe after making pylon |
| 21 | 1:32 | | Scout with probe after making pylon |
| 24 | 2:02 | | |
| 28 | 2:03 | | |
| 28 | 2:14 | | Pylon in natural |
| 28 | 2:25 | | |
| 29 | 2:39 | | |
| 33 | 2:54 | | |
| 34 | 3:06 | | Chrono nexus |
| 37 | 3:37 | | |
| 39 | 3:43 | | Hallu Phoenix scout. Chrono natural |
| 39 | 3:47 | | Chrono main nexus |
| 42 | 4:00 | | Chrono main nexus |
| 49 | 4:10 | | |
| 50 | 4:18 | | |
| 53 | 4:36 | | Chrono blink |
| 53 | 4:40 | | |
| 55 | 4:48 | | |
| 55 | 4:53 | | |
| 55 | 4:58 | | |
| 59 | 5:05 | | |
| 59 | 5:07 | | |
| 66 | 5:17 | | |
| 68 | 5:25 | | |
| 68 | 5:30 | | |
| 70 | 5:37 | | |
| 70 | 5:45 | | |
| 73 | 5:52 | |
